 Dungeon Sprint DCSS version 0.27.0-1-g7a089689b8 (webtiles) character file.

Game seed: 9258405363125223553

42486 Conn the Scorcher (level 14, -4/90 HPs)
             Began as an Octopode Fire Elementalist on Aug 14, 2021.
             Was the Champion of Sif Muna.
             Shot with a bolt by a yaktaur captain (47 damage)
             ... in the Dungeon (Sprint VII: "The Pits").
             The game lasted 01:07:39 (7294 turns).

Conn the Scorcher (Octopode Fire Elementalist)      Turns: 7294, Time: 01:07:40

Health: -4/90      AC:  1    Str:  9    XL:     14   Next: 20%
Magic:  31/34      EV: 23    Int: 21    God:    Sif Muna [******]
Gold:   46         SH:  0    Dex: 12    Spells: 3/45 levels left

rFire    + + .     SeeInvis .   b - staff of fire
rCold    x . .     Faith    .   (no shield)
rNeg     + . .     Spirit   .   (helmet restricted)
rPois    .         Reflect  .   (no amulet)
rElec    .         Harm     .   k - +3 ring of evasion
rCorr    .         Rampage  .   l - +3 ring of evasion
Will     ++...     NoTele   +   i - ring of willpower
Stlth    +++++.....             g - ring of positive energy
HPRegen  0.25/turn              n - ring of fire
MPRegen  0.24/turn              (no ring)
                                (no ring)
                                (no ring)

@: no status effects
A: almost no armour, amphibious, 8 rings, camouflage 1, gelatinous body 1,
(nimble swimmer 1), tentacles, screaming 1
a: Renounce Religion, Channel Magic, Forget Spell, Divine Exegesis


You were in the Dungeon.
You worshipped Sif Muna.
Sif Muna was exalted by your worship.
You visited 1 branch You collected 46 gold pieces.

Inventory:

Hand Weapons
 a - the +2 scimitar of Antique Indomitability {vorpal, rF+ rN+ Str+3}
   (You found it in the Dungeon)

   It inflicts extra damage upon your enemies.
   Str:       It affects your strength (+3).
   rF:        It protects you from fire.
   rN:        It protects you from negative energy.
 j - a +1 dagger of venom
 p - the +2 morningstar of Terra Cotta {drain, Will+}
   (You found it in the Dungeon)

   A truly terrible weapon, it drains the life of any living foe it strikes.
   Will:      It increases your willpower.
Magical Staves
 b - a staff of fire (weapon)
Jewellery
 g - a ring of positive energy (on tentacle)
 i - a ring of willpower (on tentacle)
 k - a +3 ring of evasion (left tentacle)
 l - a +3 ring of evasion (right tentacle)
 n - a ring of fire (on tentacle)
 q - a ring of fire
Wands
 e - a wand of polymorph (9)
Scrolls
 h - 4 scrolls of amnesia
 m - 3 scrolls of identify
 s - 3 scrolls of fog
 t - 2 scrolls of enchant armour
 v - 4 scrolls of enchant weapon
 w - a scroll of fear
 x - a scroll of blinking
Potions
 c - a potion of haste
 d - 3 potions of magic
 f - a potion of mutation {unknown}
 o - 8 potions of curing
 r - 13 potions of heal wounds
 u - a potion of berserk rage


   Skills:
 + Level 6.8 Fighting
 + Level 3.6(5.9) Short Blades
 + Level 7.2(7.7) Long Blades
 + Level 9.7 Dodging
 - Level 8.3 Stealth
 - Level 0.5 Unarmed Combat
 - Level 16.1 Spellcasting
 - Level 16.9 Conjurations
 + Level 4.8 Hexes
 + Level 2.7 Translocations
 * Level 20.7 Fire Magic
 - Level 3.0 Ice Magic
 - Level 7.0 Earth Magic
 - Level 3.0 Poison Magic
 - Level 9.0 Invocations


You had 3 spell levels left.
You knew the following spells:

 Your Spells              Type           Power      Damage    Failure   Level
a - Foxfire               Conj/Fire      100%       2x1d9     0%          1
b - Conjure Flame         Conj/Fire      100%       6-21      0%          3
c - Inner Flame           Hex/Fire       100%       N/A       1%          3
d - Sticky Flame          Conj/Fire      100%       2d11      0%          4
e - Fireball              Conj/Fire      60%        3d23      1%          5
f - Orb of Destruction    Conj           36%        9d13      2%          7
g - Iron Shot             Conj/Erth      30%        9d6       3%          6
h - Bolt of Magma         Conj/Fire/Erth 54%        4d22      1%          5
i - Hailstorm             Conj/Ice       56%        3d12      1%          4
j - Iskenderun's Mystic   Conj/Tloc      55%        2d12      1%          4

Your spell library contained the following spells:

 Spells                   Type           Power      Damage    Failure   Level
 Magic Dart               Conj           100%       1d8       0%          1
 Searing Ray              Conj           100%       3d7       0%          2
 Apportation              Tloc           56%        N/A       1%          1
 Shock                    Conj/Air       100%       1d9       1%          1
 Sting                    Tmut/Pois      92%        1d7       1%          1
 Ensorcelled Hibernation  Hex/Ice        66%        N/A       1%          2
 Passwall                 Tmut/Erth      25%        N/A       1%          2
 Slow                     Hex            37%        N/A       1%          2
 Static Discharge         Conj/Air       51%        N/A       1%          2
 Confusing Touch          Hex            37%        N/A       1%          3
 Dazzling Flash           Conj/Hex       100%       N/A       1%          3
 Ignite Poison            Fire/Tmut/Pois 85%        N/A       1%          3
 Mephitic Cloud           Conj/Pois/Air  44%        N/A       1%          3
 Stone Arrow              Conj/Erth      100%       3d13      1%          3
 Poisonous Vapours        Pois/Air       46%        N/A       2%          2
 Portal Projectile        Hex/Tloc       64%        N/A       2%          3
 Animate Skeleton         Necr           32%        N/A       3%          1
 Beastly Appendage        Tmut           32%        N/A       3%          1
 Pain                     Necr           64%        1d7       3%          1
 Wereblood                Tmut           16%        N/A       5%          2
 Spider Form              Tmut/Pois      11%        N/A       5%          3
 Swiftness                Air            16%        N/A       11%         3
 Vampiric Draining        Necr           8%         2d7       11%         3
 Fulminant Prism          Conj/Hex       29%        3d14      1%          4
 Iskenderun's Battlesphe  Conj           73%        2d12      1%          5
 Starburst                Conj/Fire      60%        8x6d16    1%          6
 Lightning Bolt           Conj/Air       25%        1d41      3%          5
 Ignition                 Fire           62%        3d17      4%          8
 Lee's Rapid Deconstruct  Erth           23%        3d14*     5%          5
 Freezing Cloud           Conj/Ice/Air   22%        6-21      6%          5
 Petrify                  Tmut/Erth      31%        N/A       9%          4
 Conjure Ball Lightning   Conj/Air       25%        3x3d7     16%         6
 Ice Form                 Ice/Tmut       23%        N/A       19%         4
 Summon Ice Beast         Ice/Summ       23%        N/A       19%         4
 Metabolic Englaciation   Hex/Ice        16%        N/A       19%         5
 Borgnjor's Vile Clutch   Necr/Erth      15%        N/A       22%         5
 Manifold Assault         Tloc           28%        N/A       30%         5
 Summon Lightning Spire   Summ/Air       16%        N/A       34%         4
 Silence                  Hex/Air        13%        N/A       34%         5
 Summon Mana Viper        Hex/Summ       27%        N/A       34%         5
 Yara's Violent Unravell  Hex/Tmut       13%        3d7       34%         5
 Summon Forest            Summ/Tloc      11%        N/A       47%         5
 Invisibility             Hex            18%        N/A       58%         6
 Spellforged Servitor     Conj/Summ      25%        N/A       65%         7
 Agony                    Necr           16%        N/A       67%         5
 Excruciating Wounds      Necr           8%         N/A       67%         5
 Statue Form              Tmut/Erth      20%        N/A       77%         6
 Fire Storm               Conj/Fire      60%        8d15      83%         9
 Lehudib's Crystal Spear  Conj/Erth      30%        10d8      86%         8
 Eringya's Noxious Bog    Tmut/Pois      11%        N/A       96%         6
 Simulacrum               Ice/Necr       11%        N/A       96%         6
 Malign Gateway           Summ/Tloc      11%        N/A       100%        7
 Storm Form               Tmut/Air       8%         N/A       100%        7
 Summon Hydra             Summ           8%         N/A       100%        7
 Maxwell's Capacitive Co  Air            8%         ∞         100%        8
 Necromutation            Tmut/Necr      8%         N/A       100%        8
 Chain Lightning          Conj/Air       25%        3d34      100%        9
 Death's Door             Necr           8%         N/A       100%        9


Dungeon Overview and Level Annotations

Branches:
Dungeon (1/1)

Altars:
Ashenzari
Cheibriados
Dithmenos
Elyvilon
Fedhas
Gozag
Hepliaklqana
Kikubaaqudgha
Makhleb
Nemelex Xobeh
Okawaru
Qazlal
Ru
Sif Muna
Trog
Uskayaw
Vehumet
Wu Jian
Xom
Yredelemnul
Zin
The Shining One
Beogh
Jiyva
Lugonu


Innate Abilities, Weirdness & Mutations

You cannot wear most types of armour.
You are amphibious.
You can wear up to eight rings at the same time.
Your skin changes colour to match your surroundings (Stealth+).
Your rubbery body absorbs attacks. (AC +1, EV +1)
((You are camouflaged near water. (Stealth+)))
You have tentacles for arms and can constrict up to eight enemies at once.
You occasionally shout uncontrollably at your foes.


Message History

Items here: ( )) [.
There is an open door here.
Items here: ( )) [.
There is an open door to the Temple (Safe) here.
There is an open door to the Temple (Safe) here.
There is an open door to the Storerooms (Easy) here.
An orc knight comes into view. It is wielding a +0 dire flail.
You yell at the orc knight!
The yaktaur captain shouts!
The orc knight shouts!
The yaktaur captain wields a +0 arbalest.
The yaktaur captain shoots a bolt.
The bolt barely misses you.
You hear a shout!
You hear a shout!
The yaktaur captain shoots a bolt.
The bolt hits you!!!
Casting: Bolt of Magma (mildly dangerous; 1% risk of failure)
Confirm with . or Enter, or press ? or * to list all spells.
Okay, then.
As you read the scroll of fear, it crumbles to dust.
You assume a fearsome visage.
The orc knight looks frightened!
The yaktaur captain looks frightened!
A yaktaur comes into view.
Casting: Bolt of Magma (mildly dangerous; 1% risk of failure)
Confirm with . or Enter, or press ? or * to list all spells.
Aiming: Orb of Destruction (dangerous; 2% risk of failure)
Press: ? - help, Shift-Dir - straight line, f - yaktaur
Aim: a yaktaur, quivering bolts The yaktaur wields a +0 arbalest.
The yaktaur shoots a bolt.
The bolt hits you!
Unknown command.
There is an open door to the Storerooms (Easy) here.
Sif Muna accepts your kill.
You see here Sif Muna's Tome of Damaging Dark Arts {god gift}.
Sif Muna grants you a gift!
You feel a bit more experienced.
You pick up Sif Muna's Tome of Damaging Dark Arts {god gift} and begin reading...
You add the spells Shock, Borgnjor's Vile Clutch and Death's Door to your library.
You close the door.
You start resting.
The yaktaur captain shoots a bolt.
The bolt hits you!!!
Ouch! That really hurt!
You die...

#..#'###########
#############...............
#_________.##........).)(...
#_________.###########''####
#_______...###########'c####
##########'##...........[...
#.?(.')))'.##..c...#..#.....
##########.##......c........
#..........@'o....c..)..[..)
#'#####)#####..c...#..#)....
#[#[[#.....##.........[)....
#.#).#####'#####)#####''####
#.#))#.....##.......##''# ##
#.#))#.....##.......##..###.
#.#..###'####.......##...##.
#.##'#.)...##...<...###...##
#.#........##.......# ##....


You could see a yaktaur captain, an orc knight and 2 yaktaurs.

Vanquished Creatures
  Rupert (D)
  A death cob (D)
  A storm dragon (D)
  An orc warlord (D)
  A reaper (D)
  A green draconian (D)
  A purple draconian (D)
  A lorocyproca (D)
  A merfolk javelineer (D)
  A great orb of eyes (D)
  A boulder beetle (D)
  2 hydras (D)
  An ice dragon (D)
  A rakshasa (D)
  An anaconda (D)
  2 merfolk avatars (D)
  A catoblepas (D)
  A death yak (D)
  A deep elf knight (D)
  A shadow wraith (D)
  A sixfirhy (D)
  4 skeletal warriors (D)
  A bog body (D)
  A flayed ghost (D)
  A spriggan druid (D)
  2 deep trolls (D)
  A sea snake (D)
  A deep elf zephyrmancer (D)
  2 lindwurms (D)
  11 orc knights (D)
  A deep elf pyromancer (D)
  2 orc sorcerers (D)
  A cyclops (D)
  Joseph (D)
  A black mamba (D)
  A molten gargoyle (D)
  2 cane toads (D)
  An orange demon (D)
  2 unseen horrors (D)
  Psyche (D)
  A demonic crawler (D)
  An efreet (D)
  A komodo dragon (D)
  An ice devil (D)
  A freezing wraith (D)
  A hellwing (D)
  2 yaktaurs (D)
  A red devil (D)
  A jumping spider (D)
  3 hornets (D)
  4 merfolk (D)
  A tyrant leech (D)
  A slime creature (D)
  A snapping turtle (D)
  An air elemental (D)
  A large abomination (D)
  A redback (D)
  A shadow (D)
  A ynoxinul (D)
  A fire elemental (D)
  A steam dragon (D)
  2 neqoxecs (D)
  4 vampire mosquitoes (D)
  A floating eye (D)
  A sky beast (D)
  A black bear (shapeshifter) (D)
  4 orc warriors (D)
  A black bear (D)
  A wolf (D)
  3 phantoms (D)
  2 centaurs (D)
  A scorpion (D)
  10 killer bees (D)
  A crimson imp (D)
  An orc priest (D)
  2 jellies (D)
  An iguana (D)
  A worm (D)
  7 orcs (D)
  3 ball pythons (D)
  2 giant cockroaches (D)
  3 quokkas (D)
  A frilled lizard (D)
  2 giant cockroach simulacra (D)
  A jackal zombie (D)
  3 kobolds (D)
  2 rats (D)
148 creatures vanquished.

Vanquished Creatures (collateral kills)
  A foxfire (D)
1 creature vanquished.

Vanquished Creatures (others)
  A jackal simulacrum (D)
  163 foxfires (D)
164 creatures vanquished.

Grand Total: 313 creatures vanquished

Notes
Turn   | Place    | Note
-------+----------+-------------------------------------------
     0 | D        | Conn the Octopode Fire Elementalist began the quest for the
                  | Orb.
     0 | D        | Reached XP level 1. HP: 11/11 MP: 3/3
    12 | D        | Noticed a scorpion
    20 | D        | Killed a scorpion
    21 | D        | Reached skill level 6 in Fire Magic
    21 | D        | Reached XP level 2. HP: 15/17 MP: 0/6
    21 | D        | Reached XP level 3. HP: 19/21 MP: 0/8
    21 | D        | Reached XP level 4. HP: 24/27 MP: 0/9
    47 | D        | Found a glowing golden altar of the Shining One.
    47 | D        | Found a glowing silver altar of Zin.
    47 | D        | Found a basalt altar of Yredelemnul.
    47 | D        | Found a shimmering altar of Xom.
    47 | D        | Found an ornate altar of the Wu Jian Council.
    47 | D        | Found a bloodstained altar of Trog.
    47 | D        | Found a shimmering blue altar of Sif Muna.
    47 | D        | Found a sacrificial altar of Ru.
    47 | D        | Found a stormy altar of Qazlal.
    47 | D        | Found an iron altar of Okawaru.
    47 | D        | Found a sparkling altar of Nemelex Xobeh.
    47 | D        | Found a burning altar of Makhleb.
    47 | D        | Found a viscous altar of Jiyva.
    47 | D        | Found a hazy altar of Hepliaklqana.
    47 | D        | Found an opulent altar of Gozag.
    47 | D        | Found a blossoming altar of Fedhas.
    47 | D        | Found a white marble altar of Elyvilon.
    47 | D        | Found a shadowy altar of Dithmenos.
    47 | D        | Found a snail-covered altar of Cheibriados.
    48 | D        | Found a radiant altar of Vehumet.
    48 | D        | Found a corrupted altar of Lugonu.
    49 | D        | Found an ancient bone altar of Kikubaaqudgha.
    49 | D        | Found a hide-covered altar of Uskayaw.
    49 | D        | Found a broken altar of Ashenzari.
    50 | D        | Became a worshipper of Sif Muna the Loreminder
   126 | D        | Learned a level 3 spell: Conjure Flame
   130 | D        | Learned a level 3 spell: Inner Flame
   156 | D        | Reached * piety under Sif Muna
   250 | D        | Reached ** piety under Sif Muna
   392 | D        | Noticed a phantom
   401 | D        | Noticed a phantom
   412 | D        | Killed a phantom
   412 | D        | Reached *** piety under Sif Muna
   413 | D        | Reached skill level 5 in Spellcasting
   413 | D        | Reached skill level 7 in Fire Magic
   413 | D        | Reached XP level 5. HP: 32/32 MP: 0/12
   469 | D        | Killed a phantom
   470 | D        | Reached skill level 1 in Fighting
   470 | D        | Reached skill level 5 in Stealth
   470 | D        | Reached skill level 8 in Fire Magic
   470 | D        | Reached XP level 6. HP: 34/38 MP: 1/14
   477 | D        | Reached **** piety under Sif Muna
   740 | D        | Reached skill level 1 in Short Blades
   740 | D        | Reached skill level 5 in Dodging
   740 | D        | Reached skill level 9 in Fire Magic
   745 | D        | Learned a level 4 spell: Sticky Flame
   751 | D        | Learned a level 5 spell: Fireball
   751 | D        | Noticed a cane toad
   756 | D        | Killed a cane toad
   757 | D        | Reached XP level 7. HP: 20/46 MP: 11/17
   936 | D        | Reached ***** piety under Sif Muna
   936 | D        | Received a gift from Sif Muna
   937 | D        | Reached skill level 5 in Conjurations
   938 | D        | Reached skill level 10 in Fire Magic
   941 | D        | Got Sif Muna's Handbook of Transformation {god gift}
  1089 | D        | Learned a level 3 spell: Ignite Poison
  1095 | D        | Reached skill level 1 in Poison Magic
  1095 | D        | Reached XP level 8. HP: 40/52 MP: 10/19
  1099 | D        | Reached skill level 5 in Invocations
  1143 | D        | Got the +2 scimitar of Antique Indomitability {vorpal, rF+
                  | rN+ Str+3}
  1154 | D        | Got the +2 morningstar of Terra Cotta {drain, Will+}
  1227 | D        | Noticed an efreet
  1232 | D        | Noticed a bog body
  1236 | D        | Killed an efreet
  1237 | D        | Reached skill level 1 in Hexes
  1238 | D        | Reached skill level 1 in Long Blades
  1241 | D        | Killed a bog body
  1242 | D        | Reached XP level 9. HP: 37/59 MP: 19/21
  1433 | D        | Received a gift from Sif Muna
  1436 | D        | Got Sif Muna's Almanac of Harmful Transmutation {god gift}
  1449 | D        | Learned a level 6 spell: Iron Shot
  1517 | D        | Noticed a boulder beetle
  1521 | D        | Noticed an orc knight
  1521 | D        | Noticed an orc sorcerer
  1624 | D        | Noticed a hornet
  1631 | D        | Killed a hornet
  1632 | D        | Reached skill level 1 in Earth Magic
  1761 | D        | Noticed an unseen horror
  1762 | D        | Killed an unseen horror
  1763 | D        | Reached skill level 5 in Fighting
  1915 | D        | Reached skill level 11 in Fire Magic
  1918 | D        | Killed a boulder beetle
  1919 | D        | Reached XP level 10. HP: 39/66 MP: 5/23
  2065 | D        | Received a gift from Sif Muna
  2068 | D        | Got Sif Muna's Compendium of the Dislocated Arsonist {god
                  | gift}
  2076 | D        | Killed an orc sorcerer
  2077 | D        | Reached skill level 10 in Spellcasting
  2077 | D        | Reached skill level 5 in Earth Magic
  2088 | D        | Killed an orc knight
  2234 | D        | Noticed Psyche
  2379 | D        | Killed Psyche
  2521 | D        | Noticed a deep elf zephyrmancer
  2521 | D        | Noticed an orc knight
  2594 | D        | Killed an orc knight
  2594 | D        | Received a gift from Sif Muna
  2595 | D        | Reached skill level 12 in Fire Magic
  2595 | D        | Killed a deep elf zephyrmancer
  2595 | D        | Reached ****** piety under Sif Muna
  2596 | D        | Got Ifyot's Papyrus of Venomous Combat Magic {god gift}
  2710 | D        | Learned a level 5 spell: Bolt of Magma
  2734 | D        | Noticed an orange demon
  2734 | D        | Noticed a death yak
  2734 | D        | Noticed a deep troll
  2754 | D        | Killed an orange demon
  2759 | D        | Killed a death yak
  2760 | D        | Reached skill level 10 in Conjurations
  2760 | D        | Reached XP level 11. HP: 72/72 MP: 7/26
  2765 | D        | Killed a deep troll
  2895 | D        | Noticed a lindwurm
  2904 | D        | Killed a lindwurm
  2905 | D        | Reached skill level 13 in Fire Magic
  3052 | D        | Noticed a great orb of eyes
  3052 | D        | Noticed a lindwurm
  3052 | D        | Noticed a rakshasa
  3072 | D        | Killed a lindwurm
  3178 | D        | Killed a rakshasa
  3319 | D        | Killed a great orb of eyes
  3319 | D        | Received a gift from Sif Muna
  3320 | D        | Got Sif Muna's Collected Works on Summoning and the
                  | Arsonist {god gift}
  3450 | D        | Noticed Joseph
  3468 | D        | Reached skill level 14 in Fire Magic
  3475 | D        | Killed a shadow wraith
  3475 | D        | Received a gift from Sif Muna
  3486 | D        | Got Sif Muna's Handbook of the Birds {god gift}
  3489 | D        | Noticed a merfolk javelineer
  3492 | D        | Learned a level 4 spell: Hailstorm
  3517 | D        | Killed a merfolk javelineer
  3677 | D        | Killed Joseph
  3677 | D        | Received a gift from Sif Muna
  3678 | D        | Got Sif Muna's Papyrus of Weightlessness and Transmutation
                  | {god gift}
  3717 | D        | Reached XP level 12. HP: 59/78 MP: 19/29
  3731 | D        | Reached skill level 15 in Fire Magic
  4203 | D        | Received a gift from Sif Muna
  4204 | D        | Reached skill level 5 in Long Blades
  4204 | D        | Got Sif Muna's Guide on Battle Magic and Air {god gift}
  4361 | D        | Received a gift from Sif Muna
  4373 | D        | Got Sif Muna's Further Steps in Sorcery {god gift}
  4498 | D        | Learned a level 7 spell: Orb of Destruction
  4522 | D        | Noticed an anaconda
  4522 | D        | Noticed a catoblepas
  4526 | D        | Noticed a death cob
  4535 | D        | Killed a death cob
  4551 | D        | Killed an anaconda
  4552 | D        | Reached skill level 16 in Fire Magic
  4573 | D        | Killed a catoblepas
  4573 | D        | Received a gift from Sif Muna
  4574 | D        | Got Sif Muna's Guide on Attacks and Moulding {god gift}
  4585 | D        | Noticed a lorocyproca
  4601 | D        | Killed a lorocyproca
  4828 | D        | Noticed a purple draconian
  4828 | D        | Noticed a green draconian
  4829 | D        | Noticed an ice dragon
  4835 | D        | Killed a green draconian
  4845 | D        | Killed an ice dragon
  4848 | D        | Killed a purple draconian
  4849 | D        | Reached skill level 17 in Fire Magic
  4934 | D        | Noticed a reaper
  4938 | D        | Killed a reaper
  4939 | D        | Reached skill level 15 in Spellcasting
  4939 | D        | Reached XP level 13. HP: 83/83 MP: 16/32
  4946 | D        | Gained mutation: You occasionally shout uncontrollably at
                  | your foes. [a neqoxec]
  4948 | D        | Received a gift from Sif Muna
  4949 | D        | Got Sif Muna's Reference Book on Blows and Bruises {god
                  | gift}
  5164 | D        | Reached skill level 15 in Conjurations
  5197 | D        | Received a gift from Sif Muna
  5450 | D        | Learned a level 4 spell: Iskenderun's Mystic Blast
  5537 | D        | Received a gift from Sif Muna
  5538 | D        | Got Sif Muna's Disquisition on Dark Heat {god gift}
  5771 | D        | Got the Handbook of Lethal Transmutation
  6012 | D        | Received a gift from Sif Muna
  6014 | D        | Got Sif Muna's Almanac of the Frostbite and Air {god gift}
  6016 | D        | Reached skill level 18 in Fire Magic
  6253 | D        | Received a gift from Sif Muna
  6318 | D        | Noticed an orc warlord
  6333 | D        | Killed an orc warlord
  6498 | D        | Reached skill level 1 in Translocations
  6498 | D        | Reached skill level 19 in Fire Magic
  6586 | D        | Noticed Rupert
  6594 | D        | Killed Rupert
  6595 | D        | Reached XP level 14. HP: 90/90 MP: 14/34
  6660 | D        | Noticed a storm dragon
  6666 | D        | Killed a storm dragon
  6666 | D        | Received a gift from Sif Muna
  6667 | D        | Reached skill level 20 in Fire Magic
  7267 | D        | Received a gift from Sif Muna
  7268 | D        | Got Sif Muna's Tome of Damaging Dark Arts {god gift}
  7294 | D        | Shot with a bolt by a yaktaur captain

Illustrated notes

Levels and vault maps discovered:
D:        pitsprint [storerooms_1, entrance_room_1, metal_vault_5, armoury_1,
          mini_pit_1, grid_room_1, main_hall_1, silver_pit, the_coven_1,
          the_vestibule_1, steel_vault_1, golden_pit, hallway_of_sentries,
          crystal_vault_2, iron_vault_4, final_vault]

Skill      XL: |  1  2  3  4  5  6  7  8  9 10 11 12 13 14 |
---------------+-------------------------------------------+-----
Dodging        | 3 4 6 7 8 9 |  9.7
Stealth        | 4 5 6 7 8 |  8.3
Spellcasting   | 3 5 7 8 9 11 13 15 16 | 16.1
Fire Magic     | 6 7 8 9 10 11 12 14 17 19 20 | 20.7
Conjurations   | 2 3 4 5 6 7 10 12 14 16 | 16.9
Fighting       | 1 3 4 5 6 |  6.8
Short Blades   | 2 3 |  3.6
Invocations    | 3 4 7 8 9 |  9.0
Poison Magic   | 1 3 |  3.0
Hexes          | 1 2 3 4 |  4.8
Long Blades    | 2 4 5 6 7 |  7.2
Earth Magic    | 4 7 |  7.0
Ice Magic      | 3 |  3.0
Translocations | 1 2 |  2.7
Unarmed Combat | |  0.5

Action                   |  1- 3 |  4- 6 |  7- 9 | 10-12 | 13-15 || total
-------------------------+-------+-------+-------+-------+-------++-------
Melee: Unarmed           |     4 |    11 |       |       |       ||    15
       Constrict         |       |     6 |     2 |     4 |     1 ||    13
       Tentacles         |       |     5 |     3 |     3 |       ||    11
       Dagger            |       |    32 |     3 |       |       ||    35
       Punch             |       |     1 |       |       |       ||     1
       Scimitar          |       |       |     8 |     6 |     6 ||    20
 Cast: Foxfire           |     2 |    24 |     9 |    50 |    11 ||    96
       Inner Flame       |       |     1 |     2 |    12 |     1 ||    16
       Conjure Flame     |       |     1 |     2 |     9 |       ||    12
       Sticky Flame      |       |     1 |     6 |    13 |     1 ||    21
       Fireball          |       |       |    11 |    39 |     7 ||    57
       Bolt of Magma     |       |       |       |    28 |    22 ||    50
       Hailstorm         |       |       |       |     1 |       ||     1
       Orb of Destructio |       |       |       |     9 |    33 ||    42
       Iron Shot         |       |       |       |     1 |       ||     1
       Iskenderun's Myst |       |       |       |       |     4 ||     4
Invok: Channel Magic     |       |       |     2 |     5 |     1 ||     8
  Use: Potion            |     1 |     1 |     3 |     9 |     5 ||    19
       Scroll            |       |       |       |     3 |     1 ||     4
 Stab: Sleeping          |       |     2 |       |       |       ||     2
       Invisible         |       |       |       |     1 |       ||     1
Armor: Skin              |       |     2 |     1 |     2 |       ||     5
Dodge: Dodged            |     2 |    41 |    26 |    38 |    18 ||   125
       Rpst.: Scimitar   |       |       |     8 |     4 |     1 ||    13
